[Event "FIDE Open Sachove Univerzity QCC"]
[Site "Ceske Budejovice"]
[Date "2020.07.07"]
[Round "7.4"]
[White "Zelbova, Lada"]
[Black "Simacek, Vaclav"]
[Result "1-0"]
[ECO "A43"]
[WhiteElo "1618"]
[BlackElo "1819"]
[Annotator "NA"]
[PlyCount "95"]
[EventDate "2020.07.01"]
[EventType "swiss"]
[EventCountry "CZE"]
[SourceTitle "playchess.com"]
[Source "ChessBase"]
[SourceQuality "1"]
[TimeControl "40/5400+30:1800+30"]

1. d4 Nf6 2. Nf3 c5 3. d5 c4 4. Nc3 a6 5. a4 e6 6. e4 {[%emt 0:03:08] [#] A43: Schmid Benoni.} Bb4 $146 ({Predecessor:} 6... exd5 7. exd5 Qc7 8. Qe2+ Be7 9. Qxc4 Qxc4 10. Bxc4 Bb4 11. Bd2 O-O 12. O-O d6 {1-0 (63) Ditscher,W-Schmitt,H Fischbach 1996}) 7. Bg5 h6 $1 8. Bxf6 Qxf6 9. Qd4 Qxd4 10. Nxd4 O-O 11. Bxc4 e5 12. Nde2 d6 13. O-O Nd7 14. Na2 Bc5 15. b4 Ba7 16. a5 b5 17. Bd3 ({White should try} 17. axb6 $1 $16 Nxb6 18. Bd3) 17... g6 18. Kh1 (18. c4 $14) 18... f5 $1 19. f3 f4 (19... fxe4 $11 {keeps the balance.} 20. fxe4 (20. Bxe4 Kg7 $11) 20... Rxf1+ 21. Rxf1 Kg7) 20. Rac1 Be3 21. Rb1 Nf6 22. Nec3 g5 23. Nd1 $1 Ba7 24. Nb2 g4 25. c4 gxf3 26. gxf3 Bh3 (26... Bd7 $14) 27. Rfd1 Rf7 28. Bf1 Bd7 29. Rd2 ({White should try} 29. cxb5 $16 axb5 30. Nc3) 29... Bd4 30. Rxd4 (30. cxb5 $18 axb5 {[#]} 31. Rxd4 $1 exd4 32. Nc1) 30... exd4 31. c5 Re8 32. Re1 Nxd5 33. cxd6 Ne3 34. Nd3 Be6 35. Nac1 Bc4 36. Kg1 Rg7+ 37. Kh1 {[%emt 0:04:27] [#]} Kf7 (37... Rd8 $1 $19 {is more deadly.} 38. e5 Kf7) 38. Bh3 Be6 39. Bxe6+ Rxe6 (39... Kxe6 $11 {remains equal.} 40. Nb3 Kxd6) 40. e5 Rg5 $16 41. Nb3 Nc2 42. Rc1 Reg6 43. Nxf4 Rg8 44. e6+ Kf6 45. e7 d3 46. Nxd3 Rg2 47. Nbc5 Rd2 48. Ne4+ 1-0

[Event "FIDE Open Sachove Univerzity QCC"]
[Site "Ceske Budejovice"]
[Date "2020.07.07"]
[Round "7.4"]
[White "Barta, David"]
[Black "Stavova, Marketa"]
[Result "1-0"]
[ECO "A20"]
[WhiteElo "1541"]
[BlackElo "1213"]
[Annotator "NA"]
[PlyCount "113"]
[EventDate "2020.07.01"]
[EventType "swiss"]
[EventCountry "CZE"]
[SourceTitle "playchess.com"]
[Source "ChessBase"]
[SourceQuality "1"]
[TimeControl "40/5400+30:1800+30"]

1. c4 e5 2. e3 c5 3. Nc3 Nf6 4. g3 d6 5. Bg2 Nc6 6. Nf3 Be7 7. O-O O-O 8. d4 exd4 9. exd4 cxd4 10. Nxd4 Bd7 11. Bf4 Qb6 12. Nxc6 Bxc6 13. Bxc6 Qxc6 14. Nd5 Nxd5 15. Qxd5 Qxd5 16. cxd5 Rac8 17. Rac1 b6 18. Rfe1 Rxc1 19. Rxc1 g5 20. Be3 Ra8 21. Rc7 Kf8 22. Kg2 h6 23. Kf3 Ke8 24. Kg4 Bf6 25. b3 Kf8 26. Kh5 Kg7 27. Rd7 Rb8 28. Rxd6 Rb7 29. Kg4 Be5 30. Rd8 Bf6 31. Ra8 Rd7 32. h3 Kg6 33. Kf3 Rxd5 34. Rxa7 Rf5+ 35. Kg2 b5 36. Rc7 b4 37. Rc5 Rxc5 38. Bxc5 Bc3 39. g4 f6 40. Kf3 Kf7 41. Ke4 Kg6 42. Kd3 Kf7 43. f3 Ke6 44. Kc4 Ke5 45. Bxb4 Bxb4 46. Kxb4 Kd6 47. Ka5 Kc7 48. Ka6 Kb8 49. b4 Ka8 50. Kb6 Kb8 51. a4 Ka8 52. Kc7 Ka7 53. b5 Ka8 54. b6 f5 55. b7+ Ka7 56. b8=Q+ Ka6 57. Qb6# 1-0

[Event "FIDE Open Sachove Univerzity QCC"]
[Site "Ceske Budejovice"]
[Date "2020.07.07"]
[Round "7.5"]
[White "Matlocha, Lubomir"]
[Black "Valtr, Filip"]
[Result "0-1"]
[ECO "D37"]
[WhiteElo "1652"]
[BlackElo "1784"]
[Annotator "NA RC"]
[PlyCount "112"]
[EventDate "2020.07.01"]
[EventType "swiss"]
[EventCountry "CZE"]
[SourceTitle "playchess.com"]
[Source "ChessBase"]
[SourceQuality "1"]
[TimeControl "40/5400+30:1800+30"]

1. d4 Nf6 2. c4 e6 3. Nc3 c5 4. Nf3 Be7 5. e3 O-O 6. Be2 d5 7. O-O a6 8. b3 cxd4 9. exd4 dxc4 10. bxc4 Qc7 11. Qb3 Nc6 12. Qb2 Rd8 13. Rd1 b6 14. a3 Rb8 15. g3 h6 16. Be3 g5 17. Qc2 Ng4 18. Bc1 Bb7 19. d5 Nce5 20. Nxe5 Nxe5 21. Qb3 Bf6 22. Ra2 Rbc8 23. Ne4 Be7 24. Be3 Nxc4 25. Rc1 b5 26. d6 Bxd6 27. Nxd6 Rxd6 28. Rac2 Qd7 29. f3 Nxe3 30. Rxc8+ Bxc8 31. Qxe3 Bb7 32. Kf2 Rd2 33. Ke1 Ra2 34. Rd1 Qe7 35. Rd3 Bd5 36. Rxd5 Rxa3 37. Rd3 Ra1+ 38. Kf2 b4 39. Qd4 Ra2 40. Rb3 a5 41. Qb6 Qd7 42. Qb8+ Kh7 43. Qe5 Qc6 44. Re3 a4 45. g4 b3 46. Kg3 Qb6 47. Bd3+ Kg8 48. Qe4 Qc7+ 49. Qe5 Qxe5+ 50. Rxe5 b2 51. Re1 Ra3 52. Bc2 Rc3 53. Bb1 a3 54. Rd1 Rc1 55. Rd8+ Kg7 56. Ba2 Ra1 0-1

[Event "FIDE Open Sachove Univerzity QCC"]
[Site "Ceske Budejovice"]
[Date "2020.07.07"]
[Round "7.6"]
[White "Chval, Petr"]
[Black "Garabik, Marek"]
[Result "1-0"]
[ECO "C15"]
[WhiteElo "1926"]
[BlackElo "1404"]
[Annotator "ChessBase"]
[PlyCount "93"]
[EventDate "2020.07.01"]
[EventType "swiss"]
[EventCountry "CZE"]
[SourceTitle "playchess.com"]
[Source "ChessBase"]
[SourceQuality "1"]
[TimeControl "40/5400+30:1800+30"]

1. e4 e6 2. d4 d5 3. Nc3 Bb4 4. Qg4 Nf6 5. Qxg7 Rg8 6. Qh6 Rg6 7. Qe3 dxe4 8. Bd2 Nc6 9. Nge2 Bxc3 10. Bxc3 Qd6 11. h3 Nb4 12. Qd2 Nbd5 13. O-O-O Nxc3 14. Nxc3 Bd7 15. g4 Bc6 16. Bg2 O-O-O 17. Rhe1 Qh2 18. Bf1 a6 19. g5 Nh5 20. Nxe4 e5 21. Qe3 exd4 22. Rxd4 Rxd4 23. Qxd4 Re6 24. Rd1 Qf4+ 25. Kb1 Re8 26. Qa7 b5 27. Nc5 Qf3 28. Qxa6+ Bb7 29. Qxb7+ Qxb7 30. Nxb7 Kxb7 31. Bxb5 Re5 32. Bd3 Rxg5 33. Bxh7 Nf4 34. Be4+ Kb6 35. h4 Rg4 36. Rh1 Ng6 37. Bxg6 fxg6 38. b3 Rg2 39. Re1 Rg4 40. Re5 Rxh4 41. Re6+ Kb7 42. Rxg6 Rf4 43. Rg2 Kb6 44. Kc1 Kb5 45. Kd2 Kb4 46. Ke3 Rf7 47. f4 1-0

[Event "FIDE Open Sachove Univerzity QCC"]
[Site "Ceske Budejovice"]
[Date "2020.07.07"]
[Round "7.7"]
[White "Petkov, Andon"]
[Black "Tajovsky, Simon"]
[Result "0-1"]
[ECO "B24"]
[WhiteElo "1776"]
[BlackElo "1570"]
[Annotator "NA"]
[PlyCount "72"]
[EventDate "2020.07.01"]
[EventType "swiss"]
[EventCountry "CZE"]
[SourceTitle "playchess.com"]
[Source "ChessBase"]
[SourceQuality "1"]
[TimeControl "40/5400+30:1800+30"]

1. Nc3 c5 2. e4 Nc6 3. g3 g6 4. Bg2 Bg7 5. Nge2 e6 6. O-O Nge7 7. d3 O-O 8. Be3 b6 9. Qd2 Re8 10. h4 Bb7 11. f4 d5 12. Nd1 Qc7 13. c3 Rad8 14. Qc2 Rd7 15. Nf2 Red8 16. Rad1 d4 17. Bc1 b5 18. c4 Nb4 19. Qb3 bxc4 20. Qxc4 Rb8 21. Qb3 Ba6 22. Qa3 Rb5 23. Bd2 Nec6 24. Bxb4 Nxb4 25. e5 Qb6 26. Rc1 Ra5 27. Qb3 Nxd3 28. Nxd3 Qxb3 29. axb3 Bxd3 30. Bf3 Rd8 31. Rfd1 Bb5 32. Rxc5 Bxe2 33. Rxa5 Bxf3 34. Rda1 d3 35. Kf2 Bg4 36. Ke1 d2+ 0-1

[Event "FIDE Open Sachove Univerzity QCC"]
[Site "Ceske Budejovice"]
[Date "2020.07.07"]
[Round "7.8"]
[White "Cipera, Josef"]
[Black "Sobotka, Radim"]
[Result "0-1"]
[ECO "A45"]
[WhiteElo "1612"]
[BlackElo "1764"]
[Annotator "NA"]
[PlyCount "94"]
[EventDate "2020.07.01"]
[EventType "swiss"]
[EventCountry "CZE"]
[SourceTitle "playchess.com"]
[Source "ChessBase"]
[SourceQuality "1"]
[TimeControl "40/5400+30:1800+30"]

1. d4 Nf6 2. Bf4 c5 3. e3 Qb6 4. Nc3 a6 5. Rb1 d5 6. dxc5 Qxc5 7. Qd4 Qxd4 8. exd4 Bf5 9. Bxb8 Rxb8 10. Rc1 e6 11. a3 Bd6 12. g3 O-O 13. f3 Rfc8 14. Nge2 b5 15. Kd1 Nd7 16. h4 h6 17. Nf4 Bxa3 18. Ncxd5 Bxb2 19. Ne7+ Kf8 20. Nxc8 Bxc1 21. Nd6 Bxf4 22. Nxf5 exf5 23. gxf4 Nf6 24. Rh2 Rd8 25. Rd2 h5 26. c4 bxc4 27. Bxc4 a5 28. d5 Ke7 29. Ba2 Kd6 30. Rd3 Rc8 31. Rb3 Nxd5 32. Rd3 Rc5 33. Kd2 Kc6 34. Rb3 Nb4 35. Bb1 Kd6 36. Re3 g6 37. Re8 Kd7 38. Rf8 Ke7 39. Rb8 Rd5+ 40. Ke2 Rd4 41. Rb7+ Kf8 42. Ra7 Rxf4 43. Rxa5 Rxh4 44. Rb5 Rh2+ 45. Ke3 Rb2 46. Bxf5 Nc2+ 47. Bxc2 Rxb5 0-1

[Event "FIDE Open Sachove Univerzity QCC"]
[Site "Ceske Budejovice"]
[Date "2020.07.07"]
[Round "7.9"]
[White "Kroulik, Vaclav"]
[Black "Berka, Lubos"]
[Result "0-1"]
[ECO "B12"]
[WhiteElo "1407"]
[BlackElo "1722"]
[Annotator "NA"]
[PlyCount "82"]
[EventDate "2020.07.01"]
[EventType "swiss"]
[EventCountry "CZE"]
[SourceTitle "playchess.com"]
[Source "ChessBase"]
[SourceQuality "1"]
[TimeControl "40/5400+30:1800+30"]

1. e4 c6 2. d4 d5 3. e5 Bf5 4. Nf3 e6 5. g3 Ne7 6. Bg2 Qb6 7. O-O Nd7 8. c3 c5 9. Qe2 cxd4 10. Nxd4 Nc5 11. Rd1 a6 12. Be3 Qc7 13. g4 Bg6 14. f4 Be4 15. Bxe4 Nxe4 16. Nd2 Nxd2 17. Bxd2 Nc6 18. Kh1 Bc5 19. Nb3 Bb6 20. Be3 O-O 21. Nc5 Na5 22. Nd7 Bxe3 23. Nxf8 Bxf4 24. Nxh7 Kxh7 25. Qd3+ Kg8 26. Rf1 Bxe5 27. Rf3 Rf8 28. Rh3 g6 29. Qd2 Bg7 30. Qf2 Qe7 31. Re1 Nc4 32. b3 Nd6 33. Qc2 Qg5 34. Qg2 Ne4 35. c4 Bd4 36. Rf1 Nf2+ 37. Rxf2 Bxf2 38. Qxf2 Qxg4 39. Rg3 Qe4+ 40. Kg1 Kg7 41. Qb2+ d4 0-1

[Event "FIDE Open Sachove Univerzity QCC"]
[Site "Ceske Budejovice"]
[Date "2020.07.07"]
[Round "7.10"]
[White "Janouskova, Adela"]
[Black "Rychlik, Zdenek"]
[Result "0-1"]
[ECO "B00"]
[WhiteElo "1316"]
[BlackElo "1701"]
[Annotator "NA"]
[PlyCount "95"]
[EventDate "2020.07.01"]
[EventType "swiss"]
[EventCountry "CZE"]
[SourceTitle "playchess.com"]
[Source "ChessBase"]
[SourceQuality "1"]
[TimeControl "40/5400+30:1800+30"]

1. e4 b6 2. d4 Bb7 3. Nc3 Nf6 4. Bc4 e6 5. Nf3 Nxe4 6. Nxe4 Bxe4 7. O-O d5 8. Bb5+ c6 9. Ba4 b5 10. Bb3 Be7 11. Ne5 O-O 12. a4 b4 13. Qg4 Bf5 14. Qf3 Qc7 15. Bf4 Bd6 16. Qg3 f6 17. Nd3 Bxf4 18. Nxf4 Qd6 19. Rfe1 Re8 20. Rad1 Nd7 21. Qf3 Nf8 22. Ne2 Rac8 23. Ng3 Bg6 24. Qe2 c5 25. dxc5 Qxc5 26. Qg4 a5 27. h4 f5 28. Qg5 Qc7 29. h5 h6 30. Qh4 Bf7 31. Ne2 Nh7 32. Nd4 Nf6 33. Nb5 Qb6 34. Qf4 Red8 35. Rd3 Nxh5 36. Qd2 Nf6 37. Rg3 Kh7 38. Qe2 Ne4 39. Rh3 Rg8 40. Rf1 g5 41. Kh1 g4 42. Rd3 Rg5 43. Kg1 g3 44. Nd4 gxf2+ 45. Kh2 Qd6+ 46. g3 Nxg3 47. Qd1 Nxf1+ 48. Kh1 0-1

[Event "FIDE Open Sachove Univerzity QCC"]
[Site "Ceske Budejovice"]
[Date "2020.07.07"]
[Round "7.12"]
[White "Kamleiter, Noah"]
[Black "Josko, Jiri"]
[Result "1/2-1/2"]
[ECO "B01"]
[WhiteElo "1463"]
[BlackElo "1649"]
[Annotator "NA"]
[PlyCount "24"]
[EventDate "2020.07.01"]
[EventType "swiss"]
[EventCountry "CZE"]
[SourceTitle "playchess.com"]
[Source "ChessBase"]
[SourceQuality "1"]
[TimeControl "40/5400+30:1800+30"]

1. e4 d5 2. exd5 Nf6 3. d4 Nxd5 4. Nf3 g6 5. c4 Nf6 6. Nc3 Bg7 7. Be2 O-O 8. O-O c6 9. Bf4 Bf5 10. Re1 Re8 11. Bd3 Bg4 12. Be2 Bf5 1/2-1/2

[Event "FIDE Open Sachove Univerzity QCC"]
[Site "Ceske Budejovice"]
[Date "2020.07.07"]
[Round "7.12"]
[White "Motejzik, Jaroslav"]
[Black "Pesek, Petr"]
[Result "1-0"]
[ECO "D00"]
[WhiteElo "1396"]
[BlackElo "1927"]
[Annotator "ChessBase"]
[PlyCount "77"]
[EventDate "2020.07.01"]
[EventType "swiss"]
[EventCountry "CZE"]
[SourceTitle "playchess.com"]
[Source "ChessBase"]
[SourceQuality "1"]
[TimeControl "40/5400+30:1800+30"]

1. d4 d5 2. Bf4 Bf5 3. e3 e6 4. c4 Nf6 5. Nc3 Nc6 6. h3 h5 7. Nf3 Qd7 8. Ne5 Nxe5 9. dxe5 Ne4 10. Nxe4 Bxe4 11. f3 Bf5 12. Qb3 O-O-O 13. Rd1 Bc5 14. cxd5 exd5 15. e4 c6 16. exf5 Qxf5 17. Bh2 Rde8 18. Qd3 Qg5 19. f4 Qh4+ 20. Qg3 Qxg3+ 21. Bxg3 f6 22. Kd2 Bb4+ 23. Kc2 fxe5 24. fxe5 h4 25. Bh2 g5 26. a3 Bc5 27. Bd3 a6 28. Rhf1 b5 29. b4 Bb6 30. Rf7 Rhg8 31. Rdf1 Kd8 32. Bf5 Ref8 33. Bg4 Rxf7 34. Rxf7 Re8 35. Rd7+ Kc8 36. e6 c5 37. bxc5 Bxc5 38. Rc7+ Kb8 39. Re7+ 1-0

[Event "FIDE Open Sachove Univerzity QCC"]
[Site "Ceske Budejovice"]
[Date "2020.07.07"]
[Round "7.13"]
[White "Dusanek, Michal"]
[Black "Straka, Zdenek"]
[Result "1-0"]
[ECO "C07"]
[WhiteElo "1525"]
[BlackElo "1812"]
[Annotator "NA"]
[PlyCount "67"]
[EventDate "2020.07.01"]
[EventType "swiss"]
[EventCountry "CZE"]
[SourceTitle "playchess.com"]
[Source "ChessBase"]
[SourceQuality "1"]
[TimeControl "40/5400+30:1800+30"]

1. e4 e6 2. d4 d5 3. Nd2 a6 4. Bd3 c5 5. dxc5 Bxc5 6. Ngf3 Nc6 7. c3 Nf6 8. Qe2 O-O 9. O-O h6 10. h3 Qc7 11. Re1 b5 12. a3 Bb7 13. e5 Nd7 14. Nb3 Ba7 15. Bf4 Rae8 16. Rad1 f6 17. Bg3 f5 $14 18. Nbd4 f4 19. Bh2 Bb8 20. Nxc6 Qxc6 21. Bb1 g5 22. Qd3 Re7 23. Qg6+ Rg7 24. Qxh6 Rf5 25. Bxf5 exf5 26. Qxc6 Bxc6 27. e6 g4 28. exd7 Bxd7 29. Ne5 g3 30. Nxd7 gxh2+ 31. Kh1 f3 32. Nxb8 fxg2+ 33. Kxh2 f4 34. Rxd5 1-0

[Event "FIDE Open Sachove Univerzity QCC"]
[Site "Ceske Budejovice"]
[Date "2020.07.07"]
[Round "7.14"]
[White "Valasek, Jakub"]
[Black "Finek, Vaclav"]
[Result "1/2-1/2"]
[ECO "B34"]
[WhiteElo "1688"]
[BlackElo "2203"]
[Annotator "ChessBase"]
[PlyCount "75"]
[EventDate "2020.07.01"]
[EventType "swiss"]
[EventCountry "CZE"]
[SourceTitle "playchess.com"]
[Source "ChessBase"]
[SourceQuality "1"]
[TimeControl "40/5400+30:1800+30"]

1. e4 c5 2. Nf3 g6 3. d4 cxd4 4. Nxd4 Bg7 5. Be3 Nc6 6. Nxc6 bxc6 7. Bd4 e5 8. Bc5 d5 9. Nd2 Ne7 10. Be2 O-O 11. O-O Be6 12. c3 Re8 13. f3 Rb8 14. Qc2 Qc7 15. a4 Red8 16. b4 d4 17. c4 f5 18. Bd3 Bh6 19. a5 a6 20. Bb6 Rxb6 21. axb6 Qxb6 22. Ra4 fxe4 23. Nxe4 Nf5 24. c5 Qb8 25. Qe2 Rf8 26. Rxa6 Bd5 27. Rb1 Qd8 28. Rba1 Qh4 29. Qe1 Be3+ 30. Kh1 Qh6 31. Ra8 Bf4 32. Rxf8+ Kxf8 33. h3 Bxe4 34. fxe4 Ng3+ 35. Kg1 Be3+ 36. Kh2 Bf4 37. Kg1 Be3+ 38. Kh2 1/2-1/2

[Event "FIDE Open Sachove Univerzity QCC"]
[Site "Ceske Budejovice"]
[Date "2020.07.07"]
[Round "7.15"]
[White "Dudkova, Josefina"]
[Black "Macho, Miloslav"]
[Result "1/2-1/2"]
[ECO "B02"]
[WhiteElo "1449"]
[BlackElo "1659"]
[Annotator "NA"]
[PlyCount "74"]
[EventDate "2020.07.01"]
[EventType "swiss"]
[EventCountry "CZE"]
[SourceTitle "playchess.com"]
[Source "ChessBase"]
[SourceQuality "1"]
[TimeControl "40/5400+30:1800+30"]

1. e4 Nf6 2. Nc3 d5 3. exd5 Nxd5 4. Bc4 Nxc3 5. Qf3 e6 6. dxc3 Nd7 7. Qe2 Nb6 8. Bd3 Be7 9. Bd2 c6 10. O-O-O Nd5 11. f4 g6 12. Nf3 Qc7 13. g3 a5 14. h4 h5 15. Ne5 Rg8 16. Rde1 Bd7 17. g4 Nf6 18. Qf3 Nxg4 19. Nxg4 hxg4 20. Qxg4 O-O-O 21. Qf3 Rh8 22. Qf2 Bd6 23. Be3 c5 24. Rd1 Rh5 25. Rh2 Rdh8 26. Be2 Rd5 27. Rf1 Be7 28. Bf3 Bb5 29. Bxd5 Bxf1 30. Bxe6+ fxe6 31. Qxf1 Rxh4 32. Rxh4 Bxh4 33. Qh3 Qe7 34. Qg4 b6 35. Qxg6 Kc7 36. Qe4 Bf6 37. Kd2 Qd7+ 1/2-1/2

[Event "FIDE Open Sachove Univerzity QCC"]
[Site "Ceske Budejovice"]
[Date "2020.07.07"]
[Round "7.16"]
[White "Veverka, Vladimir"]
[Black "Svadlenka, Michal"]
[Result "1-0"]
[ECO "E61"]
[WhiteElo "1645"]
[BlackElo "1395"]
[Annotator "NA"]
[PlyCount "73"]
[EventDate "2020.07.01"]
[EventType "swiss"]
[EventCountry "CZE"]
[SourceTitle "playchess.com"]
[Source "ChessBase"]
[SourceQuality "1"]
[TimeControl "40/5400+30:1800+30"]

1. d4 Nf6 2. c4 g6 3. Nc3 Bg7 4. Bd2 O-O 5. h3 d6 6. e4 c5 7. d5 e6 8. Nf3 Re8 9. Be2 exd5 10. exd5 Bf5 11. O-O Be4 12. Nxe4 Nxe4 13. Bd3 Nd7 14. Bf4 Qf6 15. Qc1 Nb6 16. b3 Qxa1 17. Qxa1 Bxa1 18. Rxa1 Rad8 19. Nh2 f5 20. Re1 Nc8 21. Bxe4 Rxe4 22. Rxe4 fxe4 23. Ng4 Rf8 24. Bg5 Rf5 25. Nh6+ Kg7 26. Nxf5+ gxf5 27. Kf1 h6 28. Bf4 h5 29. Kg1 Kf6 30. Kh2 Ke7 31. Kg3 b5 32. Kh4 bxc4 33. bxc4 Nb6 34. Kxh5 Nxc4 35. Kg6 Ne5+ 36. Bxe5 dxe5 37. Kxf5 1-0

[Event "FIDE Open Sachove Univerzity QCC"]
[Site "Ceske Budejovice"]
[Date "2020.07.07"]
[Round "7.17"]
[White "Frnoch, Vojtech"]
[Black "Svejda, Karel"]
[Result "1-0"]
[ECO "E65"]
[WhiteElo "1597"]
[BlackElo "1457"]
[Annotator "NA"]
[PlyCount "34"]
[EventDate "2020.07.01"]
[EventType "swiss"]
[EventCountry "CZE"]
[SourceTitle "playchess.com"]
[Source "ChessBase"]
[SourceQuality "1"]
[TimeControl "40/5400+30:1800+30"]

1. Nf3 Nf6 2. c4 g6 3. d4 Bg7 4. Nc3 d6 5. g3 O-O 6. Bg2 Nbd7 7. O-O c5 8. e3 a6 9. a4 Rb8 10. b3 Ne8 11. Qc2 Nc7 12. a5 b5 13. axb6 Rxb6 14. Rd1 Ne6 15. Nd5 Rb8 16. Bd2 Bb7 17. Ba5 Qc8 1-0

[Event "FIDE Open Sachove Univerzity QCC"]
[Site "Ceske Budejovice"]
[Date "2020.07.07"]
[Round "7.18"]
[White "Svadlenka, Dominik"]
[Black "Zachar, Jaroslav"]
[Result "0-1"]
[ECO "A85"]
[WhiteElo "1350"]
[BlackElo "1831"]
[Annotator "NA"]
[PlyCount "76"]
[EventDate "2020.07.01"]
[EventType "swiss"]
[EventCountry "CZE"]
[SourceTitle "playchess.com"]
[Source "ChessBase"]
[SourceQuality "1"]
[TimeControl "40/5400+30:1800+30"]

1. d4 d5 2. c4 e6 3. Nc3 f5 4. Nf3 Nf6 5. Bg5 c6 6. e3 Bd6 7. cxd5 exd5 8. Bd3 O-O 9. O-O {[%emt 0:01:55] A85: Dutch Defence: 2 c4 Nf6 3 Nc3.} Qe8 10. Rb1 Ne4 11. Bf4 {[%emt 0:14:55] [#]} Bb4 $146 ({Predecessor:} 11... Be7 12. Qb3 Kh8 13. Bxb8 Rxb8 14. Qc2 Bd6 15. Ne2 Rf6 16. Ng3 Rh6 17. Rbe1 Bxg3 18. fxg3 {0-1 (33) Castrogiovanni,C (2024)-Attuati,S (1930) Crema 2010}) 12. Qb3 Be7 (12... a5 $142) 13. Nxe4 {[%emt 0:06:04] Pin} fxe4 14. Bxe4 Nd7 15. Bd3 Kh8 16. Qc2 Qh5 17. b4 a6 18. a4 Nf6 19. b5 axb5 20. axb5 Ra3 21. Be2 Bf5 22. Qb2 Bxb1 23. Rxb1 Ne4 24. Ng5 Qg6 25. Nxe4 Qxe4 26. bxc6 bxc6 $11 27. Bg5 Bxg5 28. Qb4 Raa8 29. Ba6 Qf5 30. Qb6 Qxf2+ 31. Kh1 Rae8 32. Qa5 Qc2 33. Qa1 Bxe3 34. Rd1 Ra8 35. Re1 Qf2 36. Rd1 Bxd4 37. Rxd4 Rxa6 38. Qxa6 Qe1+ 0-1

[Event "FIDE Open Sachove Univerzity QCC"]
[Site "Ceske Budejovice"]
[Date "2020.07.07"]
[Round "7.19"]
[White "Pokora, Lubomir"]
[Black "Gorej, Vojtech"]
[Result "1-0"]
[ECO "D05"]
[WhiteElo "1791"]
[BlackElo "1405"]
[Annotator "NA"]
[PlyCount "97"]
[EventDate "2020.07.01"]
[EventType "swiss"]
[EventCountry "CZE"]
[SourceTitle "playchess.com"]
[Source "ChessBase"]
[SourceQuality "1"]
[TimeControl "40/5400+30:1800+30"]

1. d4 Nf6 2. Nf3 e6 3. e3 c5 4. Bd3 Nc6 5. b3 b6 6. O-O Bb7 7. a3 Be7 8. Bb2 O-O 9. Nbd2 d5 10. Ne5 Qc7 11. f4 cxd4 12. exd4 Rfe8 13. Rf3 Bf8 14. Rh3 g6 15. Qe2 Bg7 16. Rf1 Ne7 17. c3 Rad8 18. g4 Bc8 19. Kh1 Qd6 20. Rg3 Qc7 21. h4 h5 22. g5 Nh7 23. Qd1 Nf5 24. Bxf5 exf5 25. a4 Be6 26. Re3 Bf8 27. Qf3 Bd6 28. Rfe1 Nf8 29. Nf1 a5 30. Ng3 Bxe5 31. fxe5 Bc8 32. Ba3 Ne6 33. Ne2 Ba6 34. Nf4 Nxf4 35. Qxf4 Bc8 36. Kg1 Be6 37. Rc1 Rc8 38. Re2 Qb7 39. Qf1 b5 40. axb5 Qxb5 41. Rb2 Qxf1+ 42. Kxf1 Rb8 43. Bd6 Rb7 44. Ra1 Ra8 45. Bb4 Rba7 46. Rba2 Bd7 47. Bxa5 Bb5+ 48. Kf2 Kf8 49. Bb4+ 1-0

[Event "FIDE Open Sachove Univerzity QCC"]
[Site "Ceske Budejovice"]
[Date "2020.07.07"]
[Round "7.20"]
[White "Stary, Vojtech"]
[Black "Jodas, Daniel"]
[Result "1-0"]
[ECO "B33"]
[WhiteElo "1460"]
[BlackElo "1659"]
[Annotator "NA"]
[PlyCount "69"]
[EventDate "2020.07.01"]
[EventType "swiss"]
[EventCountry "CZE"]
[SourceTitle "playchess.com"]
[Source "ChessBase"]
[SourceQuality "1"]
[TimeControl "40/5400+30:1800+30"]

1. e4 c5 2. Nf3 d6 3. d4 cxd4 4. Nxd4 Nc6 5. Nc3 Nf6 6. Be2 a6 7. Be3 e6 8. O-O Be7 9. f4 Qc7 10. a3 O-O 11. Qe1 b5 12. Bd3 Bb7 13. Qg3 g6 14. f5 Nxd4 15. Bxd4 e5 16. Be3 Rfd8 17. Rf2 Nh5 18. Qg4 Qd7 19. Raf1 Bf8 20. Qe2 Ng7 21. Bh6 Bc6 22. f6 Ne6 23. Bxf8 Kxf8 24. Qe3 Qe8 25. Qh6+ Kg8 26. Nd5 Bxd5 27. exd5 Qf8 28. Qh4 Nc7 29. Be4 Rdb8 30. Rf3 h6 31. Rh3 Kh7 32. Rff3 b4 33. a4 a5 34. Rfg3 Na6 35. Qg5 1-0

[Event "FIDE Open Sachove Univerzity QCC"]
[Site "Ceske Budejovice"]
[Date "2020.07.07"]
[Round "7.21"]
[White "Veselsky, Jan"]
[Black "Rolinkova, Adela"]
[Result "0-1"]
[ECO "D13"]
[WhiteElo "1580"]
[BlackElo "1382"]
[Annotator "NA"]
[PlyCount "48"]
[EventDate "2020.07.01"]
[EventType "swiss"]
[EventCountry "CZE"]
[SourceTitle "playchess.com"]
[Source "ChessBase"]
[SourceQuality "1"]
[TimeControl "40/5400+30:1800+30"]

1. d4 d5 2. c4 c6 3. Nf3 Nf6 4. Nc3 Bg4 5. cxd5 cxd5 6. Qb3 Qb6 7. Nxd5 Nxd5 8. Qxd5 e6 9. Qb3 Qxb3 10. axb3 Bxf3 11. gxf3 Nc6 12. e3 Bb4+ 13. Bd2 O-O 14. Bc4 a6 15. Rc1 Rfc8 16. Bxb4 Nxb4 17. O-O Rc7 18. Rc3 Rac8 19. Rfc1 Na2 20. Bxe6 Nxc1 21. Bc4 b5 22. Rxc1 bxc4 23. bxc4 Rxc4 24. Ra1 Rc1+ 0-1

[Event "FIDE Open Sachove Univerzity QCC"]
[Site "Ceske Budejovice"]
[Date "2020.07.07"]
[Round "7.22"]
[White "Kaucky, Jaroslav"]
[Black "Gorej, Jan"]
[Result "1-0"]
[ECO "A03"]
[WhiteElo "1573"]
[BlackElo "1247"]
[Annotator "NA"]
[PlyCount "75"]
[EventDate "2020.07.01"]
[EventType "swiss"]
[EventCountry "CZE"]
[SourceTitle "playchess.com"]
[Source "ChessBase"]
[SourceQuality "1"]
[TimeControl "40/5400+30:1800+30"]

1. f4 d5 2. d4 Bf5 3. Nf3 Nc6 4. e3 e6 5. Bd3 Bg4 6. c3 Be7 7. Nbd2 Qd7 8. Bb5 f6 9. h3 Bh5 10. O-O Bd6 11. c4 a6 12. Ba4 Bg6 13. Qb3 Ra7 14. cxd5 exd5 15. Qd1 Nge7 16. Nh4 Bf7 17. a3 O-O 18. b4 Be6 19. Bb2 Raa8 20. Rc1 Rae8 21. b5 axb5 22. Bxb5 Ng6 23. Nxg6 hxg6 24. Qc2 Bxh3 25. Qxg6 Bf5 26. Qg3 Kf7 27. Rfe1 g5 28. Qf2 Rh8 29. Nb3 Kg6 30. Na5 Be4 31. Nxc6 Qg4 32. Ne5+ fxe5 33. dxe5 Rh1+ 34. Kxh1 Rh8+ 35. Kg1 Qh5 36. Qg3 Qh1+ 37. Kf2 Qh5 38. exd6 1-0

[Event "FIDE Open Sachove Univerzity QCC"]
[Site "Ceske Budejovice"]
[Date "2020.07.07"]
[Round "7.23"]
[White "Chmelik, Benedikt"]
[Black "Dobsa, Emma"]
[Result "1-0"]
[ECO "C67"]
[WhiteElo "1571"]
[BlackElo "1345"]
[Annotator "NA"]
[PlyCount "93"]
[EventDate "2020.07.01"]
[EventType "swiss"]
[EventCountry "CZE"]
[SourceTitle "playchess.com"]
[Source "ChessBase"]
[SourceQuality "1"]
[TimeControl "40/5400+30:1800+30"]

1. e4 e5 2. Nf3 Nc6 3. Bb5 Nf6 4. O-O Nxe4 5. Re1 Nd6 6. Nxe5 Nxe5 7. Rxe5+ Be7 8. Ba4 O-O 9. d4 c6 10. Nc3 a5 11. a3 b5 12. Bb3 Nb7 13. Qd3 Bf6 14. Re2 Re8 15. Be3 d5 16. Rae1 Bg4 17. f3 Bh5 18. Bf2 Rxe2 19. Qxe2 h6 20. Nb1 Nd6 21. Nd2 Bg6 22. c3 Qd7 23. Bg3 Re8 24. Qd1 Re7 25. Rxe7 Qxe7 26. Bxd6 Qxd6 27. Qe2 Qd7 28. Nf1 a4 29. Bc2 Bxc2 30. Qxc2 Qe6 31. Kf2 Bg5 32. g3 Be7 33. Qe2 Qd7 34. Ne3 Bf8 35. Ng4 f6 36. Ne3 c5 37. Qd3 Kf7 38. Qf5 Qxf5 39. Nxf5 c4 40. f4 Ke6 41. Ne3 g5 42. h4 Bd6 43. Kf3 Be7 44. Kg4 Bd6 45. hxg5 hxg5 46. fxg5 fxg5 47. Nf5 1-0